 Dungeon Crawl Stone Soup version 0.30-a0-39-g42789b21ef (webtiles) character file.

Game seed: 16487242306970543242

104 frimble the Conjurer (level 4, 0/32 HPs)
             Began as a Demonspawn Air Elementalist on Aug 28, 2022.
             Succumbed to an adder's poison
             ... on level 3 of the Dungeon.
             The game lasted 00:03:18 (3446 turns).

frimble the Conjurer (Demonspawn Air Elementalist)  Turns: 3446, Time: 00:03:19

Health: 0/32       AC:  3    Str:  9    XL:     4   Next: 52%
Magic:  0/7        EV: 12    Int: 16    God:
Gold:   23         SH:  0    Dex: 15    Spells: 6/7 levels left

rFire   . . .      SeeInvis .    m - +1 dagger (protect)
rCold   . . .      Faith    .    (no shield)
rNeg    . . .      Spirit   +    a - +1 robe
rPois   .          Reflect  .    (no helmet)
rElec   .          Harm     .    (no cloak)
rCorr   .          Rampage  .    (no gloves)
Will    .....                    (no boots)
Stlth   ++........               (no amulet)
HPRegen 0.10/turn                (no ring)
MPRegen 0.20/turn                (no ring)

@: lethally poisoned (0 -> -4)
A: magic shield, magic regeneration
a: no special abilities


You were on level 3 of the Dungeon.
You visited 1 branch of the dungeon, and saw 3 of its levels.

You collected 83 gold pieces.
You spent 60 gold pieces at shops.

Inventory:

Hand Weapons
 c - a +0 short sword
 m - a +1 dagger of protection (weapon)
Armour
 a - a +1 robe (worn)
Jewellery
 n - a +6 ring of strength
Scrolls
 g - 2 scrolls of noise
 h - 4 scrolls of amnesia
 i - 2 scrolls of enchant armour
 j - 4 scrolls of teleportation
 o - a scroll of identify
Potions
 b - a potion of magic
 d - a potion of might


   Skills:
 - Level 1.1 Fighting
 + Level 2.1 Short Blades
 - Level 1.7 Dodging
 - Level 1.7 Stealth
 - Level 2.0 Spellcasting
 + Level 3.2 Conjurations
 - Level 2.6 Air Magic


You had 6 spell levels left.
You knew the following spells:

 Your Spells              Type           Power      Damage    Failure   Level
a - Shock                 Conj/Air       44%        1d5       6%          1

Your spell library contained the following spells:

 Spells                   Type           Power      Damage    Failure   Level
 Static Discharge         Conj/Air       22%        3-5/arc   10%         2
 Apportation              Tloc           2%         N/A       21%         1
 Swiftness                Air            10%        N/A       21%         3
 Airstrike                Air            5%         2d(1-17)  56%         4
 Alistair's Intoxication  Tmut/Pois      0%         N/A       99%         5


Dungeon Overview and Level Annotations

Branches:
Dungeon (3/15)

Altars:

Shops:
D:1 *   D:2 ?


Innate Abilities, Weirdness & Mutations

When hurt, damage is shared between your health and your magic reserves.
You regenerate magic rapidly.


Message History

The orc is moderately wounded.
The zap misses the orc.
You feel sick.
Your Short Blades skill increases to level 2!
You don't have enough magic to cast this spell.
You closely miss the orc.
The orc is lightly wounded.
You feel sick.
You feel sick.
You are no longer poisoned.
The orc hits you with a +0 club. The adder attacks as you move away!
The adder bites you.
You are poisoned.
The adder poisons you!
You feel sick. The orc attacks as you move away! The orc barely misses you.
The adder attacks as you move away! The adder bites you.
* * * LOW HITPOINT WARNING * * *
You are lethally poisoned!
The adder poisons you!
* * * LOW HITPOINT WARNING * * *
You feel very sick.
Your magical contamination has completely faded away.
Aiming: Shock (safe; 6% risk of failure)
Press: ? - help, Q - select action Shift-Dir - straight line, f/p - orc
Aim: an orc, wielding a +0 short sword and wearing a +0 leather armour (71% to hit)
Okay, then.
It was a potion of curing.
You feel better. The adder bites you.
* * * LOW HITPOINT WARNING * * *
The adder bites you.
* * * LOW HITPOINT WARNING * * *
You are lethally poisoned!
The adder poisons you!
It was a potion of cancellation.
Your magical effects are unravelling.
You feel magically purged.
You feel a little less clever now.
* * * LOW HITPOINT WARNING * * *
You feel sick. The adder bites you.
* * * LOW HITPOINT WARNING * * *
You die...

,,,,* *,*,.............# *,,***,
,,,,***,,,*###.........# **,,,,*
,,,,,,,,*** #.#.......##******,*
,,,,,**,*** #............,,,**,*
,,,,,,,,,,** ##...........,,,,,,*
,,,,,**,*,,** #........##.,,,,,,,
,,,,,*,,**,,###<.#######*,,,,,,,,
*,,,,*,****,#....# *,,,,,,,,
,,,,,,,** #...##@# *,,,,,,,,
,,**,,,,* ####*#S## *,,,,,,,,
,,**,,,,** #oo## *,,,,,,,,
,,**,,,,,* ##o.## *,,,,,,,,
,***,,,,,** ##..# *********
,,******,,* ##†#* * ,,,******,***
#.)# ,,,,,,*,,,,,** *##.#########
,,,,,,,,,,,,,** **,..).#.....##


You could see an adder and 3 orcs.

Vanquished Creatures
  An orc priest (D:2)
  2 adders
  2 worms (D:2)
  A dart slug (D:1)
  4 orcs (D:3)
  5 bats
  3 giant cockroaches
  5 goblins
  3 hobgoblins
  4 kobolds
  2 quokkas (D:2)
  4 ball pythons
  3 frilled lizards
  4 rats
43 creatures vanquished.

Notes
Turn   | Place    | Note
-------+----------+-------------------------------------------
     0 | D:1      | frimble the Demonspawn Air Elementalist began the quest for
                  | the Orb.
     0 | D:1      | Reached XP level 1. HP: 13/13 MP: 3/3
   431 | D:1      | Found Tiokov's Assorted Antiques.
   764 | D:1      | Gained mutation: You regenerate magic rapidly. [demonic
                  | ancestry]
   764 | D:1      | Reached XP level 2. HP: 19/19 MP: 5/5
   952 | D:1      | Reached skill level 2 in Conjurations
   965 | D:1      | Reached skill level 1 in Short Blades
  1210 | D:1      | Bought a scroll labelled REWIGG YQUGG for 30 gold pieces
  1987 | D:2      | Reached XP level 3. HP: 11/25 MP: 1/6
  2572 | D:2      | Found Pedewani's Magic Scroll Emporium.
  2575 | D:2      | Bought a scroll of teleportation for 30 gold pieces
  2722 | D:2      | Reached skill level 1 in Fighting
  3065 | D:2      | Reached skill level 3 in Conjurations
  3065 | D:2      | Gained mutation: When hurt, damage is shared between your
                  | health and your magic reserves. [demonic ancestry]
  3065 | D:2      | Reached XP level 4. HP: 4/32 MP: 7/7
  3445 | D:3      | HP: 1/32 [adder (2)]
  3446 | D:3      | Succumbed to an adder's poison

Illustrated notes

Levels and vault maps discovered:
D:1:      roderic_crop_circles_arrival_small, layout_basic, serial_shops,
          shop_fountains
D:2:      layout_basic, serial_shops, nicolae_shop_behind_doors,
          minmay_misc_feat_encased, minmay_pentomino_pile
D:3:      layout_rooms, basic_ecumenical_altar, minmay_strange_pillars

Skill      XL: |  1  2  3  4 |
---------------+-------------+-----
Conjurations   | 2 3 |  3.2
Short Blades   | 1 2 |  2.1
Fighting       | 1 |  1.1
Dodging        | |  1.7
Stealth        | |  1.7
Spellcasting   | |  2.0
Air Magic      | |  2.6

Action                   |  1- 3 |  4- 6 || total
-------------------------+-------+-------++-------
Melee: Short sword       |    48 |       ||    48
       Unarmed           |    13 |       ||    13
       Dagger            |    30 |    15 ||    45
 Cast: Shock             |    37 |     9 ||    46
  Use: Scroll            |     5 |     1 ||     6
       Potion            |       |     3 ||     3
 Stab: Sleeping          |     5 |       ||     5
Armor: Robe              |    17 |     3 ||    20
Dodge: Dodged            |    68 |    16 ||    84

Table legend: (Time is in decaauts)
 A = Elapsed time spent in this place.
 B = Non-inter-level travel time spent in this place.
 C = Inter-level travel time spent in this place.
 D = Time resting spent in this place.
 E = Time spent auto-exploring this place.
 F = Levels seen in this place.
 G = Mean time per level.
                   A        B        C        D        E       F      G
               +--------+--------+--------+--------+--------+-----+--------+
         Total |   3444 |   3339 |    105 |    274 |   2689 |   3 | 1148.0 |
       Dungeon |   3444 |   3339 |    105 |    274 |   2689 |   3 | 1148.0 |
               +--------+--------+--------+--------+--------+-----+--------+

Top non-repeatable levels by time:
     D:2: 2016 daAuts
     D:1: 1363 daAuts
     D:3: 64 daAuts
